[Event "*** Titled Tuesday Blitz"]
[Site "Chess.com"]
[Date "2021.02.02"]
[Round "3"]
[White "northridgehawk"]
[Black "niki_2003"]
[Result "1-0"]
[WhiteElo "2318"]
[BlackElo "2058"]
[TimeControl "180+1"]
[EndTime "10:31:13 PST"]
[Termination "northridgehawk won by checkmate"]

1. e4 c5 2. Nf3 d6 3. g3 Nc6 4. Bg2 Nf6 5. d3 Bg4 6. c3 Ne5 7. Nbd2 Nxd3+ 8. Kf1 b5 9. h3 Bh5 10. a4 c4 11. axb5 Qb6 12. Qe2 Qxb5 13. g4 Bg6 14. Nd4 Qc5 15. b4 Qc7 16. Qe3 e5 17. Nb5 Qb7 18. Na3 Nxe4 19. Nxe4 d5 20. Ng3 Be7 21. Nxc4 Qb5 22. Na3 Qa6 23. b5 Qa5 24. Ne2 Bxa3 25. Bxa3 Qxb5 26. Kg1 e4 27. Nd4 Qc4 28.
Kh2 Qxc3 29. Rhc1 Qa5 30. Nc6 Qb6 31. Qg3 Qxf2 32. Qd6 Qf6 33. Qxd5 e3 34. Rf1 Qe7 35. Nxe7 e2 36. Qxa8+ Kd7 37. Qc6+ Kd8 38. Qc8# 1-0

[Event "*** Titled Tuesday Blitz"]
[Site "Chess.com"]
[Date "2021.02.02"]
[Round "3"]
[White "dianamirza"]
[Black "Walter_White_Poland"]
[Result "0-1"]
[WhiteElo "1921"]
[BlackElo "2290"]
[TimeControl "180+1"]
[EndTime "10:31:13 PST"]
[Termination "Walter_White_Poland won on time"]

1. d4 Nf6 2. Nf3 c5 3. e3 b6 4. Bd3 Bb7 5. Nbd2 e6 6. O-O g6 7. b3 Bg7 8. Bb2 O-O 9. e4 d6 10. Qe2 Qe7 11. a4 Nbd7 12. Nc4 Bxe4 13. Bxe4 Nxe4 14.
Qxe4 d5 15. Qe2 dxc4 16. Qxc4 Rac8 17. Qd3 Rfd8 18. Ba3 Ne5 19. Nxe5 Bxe5 20. c3 Qc7 21.
Rac1 Bxh2+ 22. Kh1 Bf4 23. Rce1 cxd4 24. cxd4 Qc3 25.
Qa6 Rd7 26. Re4 Bg5 27. f4 Qc6 0-1

[Event "*** Titled Tuesday Blitz"]
[Site "Chess.com"]
[Date "2021.02.02"]
[Round "3"]
[White "CakeinSpace2002"]
[Black "johnathan113"]
[Result "0-1"]
[WhiteElo "2379"]
[BlackElo "2571"]
[TimeControl "180+1"]
[EndTime "10:31:14 PST"]
[Termination "johnathan113 won by resignation"]

1. e4 c6 2. d4 g6 3. Nc3 Bg7 4. Nf3 d5 5. exd5 cxd5 6. Bb5+ Nc6 7. Ne5 Bd7 8. Nxc6 bxc6 9. Ba4 Qb6 10. O-O Qxd4 11.
Qe2 Nf6 12. Bg5 Qg4 13. Qd2 O-O 14.
f3 Qb4 15. Bb3 Rfe8 16. a3 Qb6+ 17. Be3 Qc7 18. Na4 e5 19. Bc5 h5 20. c4 d4 21.
Rae1 Rab8 22. Ba2 Bf5 23. b4 Nd7 24. h3 h4 25. Qg5 Bf6 26. Qd2 Kg7 27. f4 Nxc5 28.
Nxc5 e4 29. Na6 Qb6 30. Nxb8 Qxb8 31. c5 e3 32. Qc1 d3 33. Qc4 Be6 34. Qxd3 Bxa2 35.
Rxe3 Rxe3 36. Qxe3 Qd8 37. Kh2 Bd5 38. Re1 Qd7 39. Re2 Qf5 40. a4 Qb1 41. Qd2 a6 42. Re1 Qb3 43. Re3 Qxa4 44. f5 g5 45. Re8 Qb3 46. Qe2 Qg3+ 47. Kg1 Bd4+ 48. Kf1 Qf4+ 49.
Ke1 Qc1+ 50. Qd1 Bf2+ 51. Ke2 Bc4+ 0-1

[Event "*** Titled Tuesday Blitz"]
[Site "Chess.com"]
[Date "2021.02.02"]
[Round "3"]
[White "DrCeltic"]
[Black "esrosenberg"]
[Result "1-0"]
[WhiteElo "2484"]
[BlackElo "2181"]
[TimeControl "180+1"]
[EndTime "10:31:15 PST"]
[Termination "DrCeltic won on time"]

1. e4 e6 2. d4 d5 3. Nd2 c5 4.
exd5 Qxd5 5. Ngf3 cxd4 6. Bc4 Qd6 7. O-O Nf6 8. Nb3 Nc6 9. Nbxd4 Nxd4 10. Qxd4 Qxd4 11.
Nxd4 Bc5 12. Nb5 O-O 13. Bf4 Bd7 14. Rad1 Rac8 15. Nd6 Bxd6 16. Bxd6 Rxc4 17. Bxf8 Kxf8 18. c3 Ke7 19. f3 Nd5 20. Kf2 Rh4 21. Rfe1 Bc6 22.
Kg3 g5 23. h3 Ra4 24. Ra1 h5 25. b3 Rf4 26. c4 Nb4 27. Re2 Nd3 28. Rd1 h4+ 29. Kh2 Nc5 30. Re5 Rf5 31. Rde1 Kf6 32. R5e3 a5 33. a3 a4 34. b4 Nb3 35. Rd1 Re5 36.
Rxe5 Kxe5 37. b5 Bxf3 38. gxf3 Nd4 39. Kg2 b6 40. Re1+ Kd6 41. Rd1 Kc5 42. Rc1 f5 43.
Kf2 e5 44. Ke3 Nb3 45. Rc2 Nd4 46. Rc3 Nb3 47. Kd3 Na5 48. Rc2 Nb3 49. Rg2 1-0

[Event "*** Titled Tuesday Blitz"]
[Site "Chess.com"]
[Date "2021.02.02"]
[Round "3"]
[White "Abdimalik_Abdisalimov"]
[Black "Khnykin_Nikolay"]
[Result "1-0"]
[WhiteElo "2337"]
[BlackElo "2097"]
[TimeControl "180+1"]
[EndTime "10:31:15 PST"]
[Termination "Abdimalik_Abdisalimov won on time"]

1. d4 Nf6 2. c4 c5 3. d5 b5 4.
cxb5 a6 5. bxa6 Bxa6 6. Nc3 e6 7. dxe6 fxe6 8. e4 Bxf1 9. Kxf1 d6 10. Nf3 Be7 11. g3 O-O 12. Kg2 Nc6 13. Qb3 Qd7 14.
Ng5 Nd4 15. Qc4 Ng4 16. Rf1 h6 17. Nh3 Nc2 18. Rb1 Rf7 19. Qd3 Nd4 20. Be3 Rf3 21.
Ng1 Rf7 22. Bxd4 cxd4 23. Qxd4 Raf8 24. f3 Ne5 25. Rbd1 Nc6 26. Qd2 Rd8 27. f4 Rdf8 28.
Nf3 Qa7 29. Nb5 Qb6 30. Nxd6 Rd8 31. e5 Bxd6 32. exd6 Rfd7 33. Rf2 Rxd6 34. Qxd6 Rxd6 35. Rxd6 Qc7 36. Rxe6 Qd7 37. Rfe2 1-0

[Event "*** Titled Tuesday Blitz"]
[Site "Chess.com"]
[Date "2021.02.02"]
[Round "3"]
[White "PattyCastillo"]
[Black "lucachess49"]
[Result "0-1"]
[WhiteElo "2039"]
[BlackElo "2325"]
[TimeControl "180+1"]
[EndTime "10:31:15 PST"]
[Termination "lucachess49 won on time"]

1. d4 Nf6 2. Nf3 e6 3. e3 c5 4. Bd3 Nc6 5. b3 cxd4 6. exd4 b6 7. Bb2 Bb7 8. Nbd2 Be7 9. O-O O-O 10. a3 h6 11. Qe2 Rc8 12. c4 d5 13. Ne5 Nxe5 14.
dxe5 Nd7 15. cxd5 Bxd5 16. Be4 Nc5 17. Bxd5 Qxd5 18. Rad1 Rfd8 19. b4 Na4 20. Ne4 Qa2 21.
Rb1 Qb3 22. Ba1 Qxa3 23. Nd6 Bxd6 24. exd6 Nc3 25. Qe5 Rc4 26. Rfe1 Rc6 27. Re3 Rdxd6 28. Rxc3 Rxc3 29. Qxc3 Qa4 30. Rc1 Rd1+ 0-1

[Event "*** Titled Tuesday Blitz"]
[Site "Chess.com"]
[Date "2021.02.02"]
[Round "3"]
[White "maximnovik"]
[Black "KetiGrant"]
[Result "1-0"]
[WhiteElo "2567"]
[BlackElo "2378"]
[TimeControl "180+1"]
[EndTime "10:31:16 PST"]
[Termination "maximnovik won on time"]

1. Nf3 Nf6 2. g3 g6 3. Bg2 Bg7 4. O-O O-O 5. d4 d6 6. c4 Nbd7 7. Nc3 e5 8. h3 c6 9. e4 Qb6 10. d5 cxd5 11. cxd5 Nc5 12. Ne1 a5 13. Rb1 Qa6 14. Be3 Nfd7 15. Nc2 f5 16. Na3 f4 17. Bxc5 Nxc5 18. Nab5 Qb6 19. Kh2 Bd7 20. a4 Rf7 21. Qe2 Raf8 22. Bf3 Nxa4 23. Kg2 Nxc3 24. bxc3 Qc5 25.
c4 fxg3 26. fxg3 Bh6 27. Bg4 Bxg4 28. hxg4 Be3 29. Rxf7 Rxf7 30. Rf1 a4 31. Rxf7 Kxf7 32. g5 Ke7 33. Qg4 a3 34. Qe6+ Kd8 35. Nxd6 1-0

[Event "*** Titled Tuesday Blitz"]
[Site "Chess.com"]
[Date "2021.02.02"]
[Round "3"]
[White "glebus008"]
[Black "dolynachess"]
[Result "1-0"]
[WhiteElo "2271"]
[BlackElo "2418"]
[TimeControl "180+1"]
[EndTime "10:31:16 PST"]
[Termination "glebus008 won by checkmate"]

1. e4 c5 2. Nf3 d6 3. d4 cxd4 4. Qxd4 Nf6 5. Nc3 a6 6. Bc4 Nc6 7. Qd3 g6 8. Bg5 Bg7 9. O-O O-O 10. Rfe1 Bg4 11. Bb3 Qa5 12. Bd2 Bxf3 13. Qxf3 Rac8 14. Rad1 Ne5 15. Qh3 Nc4 16. Nd5 Nxd2 17. Nxe7+ Kh8 18.
Nxc8 Nfxe4 19. Ne7 Bd4 20. Re2 Nxf2 21. Rxf2 Bxf2+ 22. Kxf2 Qc5+ 23. Qe3 Qxe3+ 24. Kxe3 Nxb3 25. axb3 Re8 26.
Rxd6 Rxe7+ 27. Kd2 Kg7 28. Rb6 f5 29. c4 Kh6 30. c5 Kg5 31. b4 Kf4 32. b5 axb5 33. Rxb5 g5 34. b4 h5 35. Rb6 h4 36. h3 Kg3 37.
Rg6 g4 38. hxg4 fxg4 39. Kd3 Re1 40. b5 Rg1 41. c6 Rxg2 42. cxb7 h3 43. b8=Q+ Kf2 44.
Qf8+ Kg1 45. Rf6 h2 46. Rf1# 1-0

[Event "*** Titled Tuesday Blitz"]
[Site "Chess.com"]
[Date "2021.02.02"]
[Round "3"]
[White "kuban1991"]
[Black "remi04"]
[Result "1-0"]
[WhiteElo "2822"]
[BlackElo "2603"]
[TimeControl "180+1"]
[EndTime "10:31:17 PST"]
[Termination "kuban1991 won on time"]

1. Nf3 Nf6 2. g3 g6 3. Bg2 d5 4. O-O Bg7 5. d4 O-O 6. Nbd2 Ne4 7. e3 c5 8. c3 Nxd2 9. Bxd2 b6 10. Ne5 f6 11. Nd3 c4 12. Nf4 e6 13. e4 g5 14.
Nh5 Bb7 15. e5 fxe5 16. Nxg7 Kxg7 17. dxe5 Nd7 18. f4 gxf4 19. Bxf4 Qe7 20. Qh5 Kh8 21. Bh6 Rf5 22. Rxf5 exf5 23. Qxf5 Nxe5 24. Rf1 Rg8 25. Be3 Nc6 26. Bh6 d4 27. Bd5 dxc3 28. bxc3 Qc5+ 29.
Kg2 Qxd5+ 30. Qxd5 Nd8 31. Qxb7 Nxb7 32. Rf7 Nc5 33. Be3 Re8 34. Bd4+ Kg8 35. Rxa7 Re2+ 36.
Kh3 h5 37. Kh4 1-0

[Event "*** Titled Tuesday Blitz"]
[Site "Chess.com"]
[Date "2021.02.02"]
[Round "3"]
[White "Angel_Hranitel_37"]
[Black "GM_dmitrij"]
[Result "0-1"]
[WhiteElo "2463"]
[BlackElo "2890"]
[TimeControl "180+1"]
[EndTime "10:31:17 PST"]
[Termination "GM_dmitrij won by checkmate"]

1. d4 Nf6 2. c4 g6 3. Nf3 Bg7 4. g3 O-O 5. Bg2 Nc6 6. d5 Na5 7. Qd3 d6 8. Nc3 c5 9. Nh4 a6 10. O-O Ng4 11. f4 b5 12. cxb5 axb5 13. h3 c4 14. Qf3 Nf6 15. Nxb5 Qb6+ 16. Qe3 Qxb5 17. Qxe7 Nxd5 18. Qxd6 Bb7 19. f5 Rad8 20. Qa3 c3 21. f6 Bxf6 22. Bxd5 Qb6+ 23. Kh2 Rxd5 24. Bh6 Re8 25. Rae1 Rd2 26. Ng2 Nc4 27. Qa4 Rc8 28.
b3 Bxg2 29. Kxg2 Ne5 30. Qf4 Rd6 31. Kh1 Re6 32. Bg5 Bxg5 33. Qxg5 Qc6+ 34. e4 c2 35. h4 h5 36. Kg2 Ng4 37. Kh3 Rxe4 38. Rxe4 Qxe4 39.
Rf6 Qh1# 0-1

[Event "*** Titled Tuesday Blitz"]
[Site "Chess.com"]
[Date "2021.02.02"]
[Round "3"]
[White "guillembaches"]
[Black "Al_Shima"]
[Result "1-0"]
[WhiteElo "2458"]
[BlackElo "2293"]
[TimeControl "180+1"]
[EndTime "10:31:17 PST"]
[Termination "guillembaches won on time"]

1. e4 c5 2. Nf3 d6 3. d4 cxd4 4.
Nxd4 Nf6 5. Nc3 g6 6. g3 Bg7 7. Bg2 O-O 8. O-O a6 9. a4 Nbd7 10. h3 Ne5 11. b3 Qc7 12. Bb2 Bd7 13. Nd5 Nxd5 14. exd5 Bc8 15. Re1 Re8 16. c4 Nd7 17. a5 b6 18. axb6 Nxb6 19. Qd2 Bd7 20. Nc6 Bxc6 21.
dxc6 Bxb2 22. Qxb2 Reb8 23. Qe2 e6 24. b4 d5 25.
cxd5 Nxd5 26. Bxd5 exd5 27. Rxa6 Rxa6 28. Qxa6 Rxb4 29.
Qa3 Re4 30. Rc1 Re6 31. Qc5 d4 32. Ra1 d3 33. Ra8+ Kg7 34. Qf8+ Kf6 35. Qh8+ Kf5 36. g4+ Ke4 37. Ra4+ Kf3 38. Qa1 d2 39. Qd1+ 1-0

[Event "*** Titled Tuesday Blitz"]
[Site "Chess.com"]
[Date "2021.02.02"]
[Round "3"]
[White "VinzentSpitzl"]
[Black "SirStrateg"]
[Result "0-1"]
[WhiteElo "2400"]
[BlackElo "2657"]
[TimeControl "180+1"]
[EndTime "10:31:18 PST"]
[Termination "SirStrateg won by checkmate"]

1. e4 Nf6 2. e5 Nd5 3. d4 Nb6 4.
Nf3 d5 5. Be2 Bf5 6. O-O e6 7.
Be3 Be7 8. Nbd2 N8d7 9. c4 dxc4 10. Nxc4 Nxc4 11. Bxc4 Nb6 12. Bb3 c6 13. Qe2 a5 14. a3 a4 15. Ba2 O-O 16. Nd2 Nd5 17.
Rac1 Qa5 18. Nc4 Qb5 19. g4 Bg6 20. f4 f5 21. h3 Rad8 22. Qf2 Rd7 23. Rfd1 Kh8 24. g5 Bh5 25. Rd2 Rfd8 26. Rdc2 Qa6 27. Bd2 Nc7 28. Bc3 c5 29. Nd6 cxd4 30. Bxd4 Nb5 31.
Bxe6 Nxd4 32. Qxd4 Bxd6 33. exd6 Rxd6 34. Qe5 Qb6+ 35.
Kg2 Rd2+ 36. Rxd2 Rxd2+ 37. Kh1 Bf3# 0-1

[Event "*** Titled Tuesday Blitz"]
[Site "Chess.com"]
[Date "2021.02.02"]
[Round "3"]
[White "Goryachkina"]
[Black "JoliyRoger"]
[Result "1-0"]
[WhiteElo "2654"]
[BlackElo "2412"]
[TimeControl "180+1"]
[EndTime "10:31:18 PST"]
[Termination "Goryachkina won on time"]

1. e4 c6 2. d4 d5 3. e5 Bf5 4. Nf3 e6 5. Be2 Nd7 6. O-O Be7 7. Nbd2 Bg6 8. Nb3 Nh6 9. Bxh6 gxh6 10. Rc1 O-O 11.
c4 f6 12. cxd5 exd5 13. e6 Nb6 14. Qd2 Kg7 15. Rfe1 Bd6 16. Bd3 Re8 17. Nh4 Qc7 18. g3 a5 19. a3 Nc4 20. Bxc4 dxc4 21. Rxc4 Qb6 22. Nc5 Rad8 23. e7 Rc8 24. Ne6+ Kf7 25. Qxh6 Rxe7 26. Nxg6 hxg6 27. Qg7+ Ke8 28. Qxf6 Kd7 29. d5 Rce8 30. Rec1 cxd5 31. Rc7+ Bxc7 32. Rxc7+ Qxc7 33. Nxc7 Kxc7 34. Qxg6 Rd8 35. Qf6 1-0

[Event "*** Titled Tuesday Blitz"]
[Site "Chess.com"]
[Date "2021.02.02"]
[Round "3"]
[White "strelec64"]
[Black "BL4D3RUNN3R"]
[Result "1-0"]
[WhiteElo "2493"]
[BlackElo "2211"]
[TimeControl "180+1"]
[EndTime "10:31:18 PST"]
[Termination "strelec64 won on time"]

1. d4 Nf6 2. Nf3 g6 3. c4 Bg7 4. g3 O-O 5. Bg2 d6 6. O-O Nc6 7. d5 Na5 8. Nfd2 c5 9. Nc3 a6 10.
Qc2 b5 11. cxb5 axb5 12. Nxb5 Qb6 13. Nc3 Bf5 14. e4 Bc8 15. b3 Ba6 16. Rd1 Ng4 17. Na4 Qb5 18. Bb2 Qe2 19. Rf1 Qd3 20. Qxd3 Bxd3 21.
Rfe1 c4 22. Bxg7 Kxg7 23. Nb6 Rab8 24. Nbxc4 Nxc4 25. Nxc4 Bxc4 26. bxc4 Rb2 27. Reb1 Rfb8 28. Rxb2 Rxb2 29. a4 Nxf2 30. a5 Nd3 31. a6 Rb8 32. a7 Ra8 33. Ra5 Kf6 34. Bh3 e6 35.
dxe6 fxe6 36. e5+ 1-0

[Event "*** Titled Tuesday Blitz"]
[Site "Chess.com"]
[Date "2021.02.02"]
[Round "3"]
[White "Arseniy_Nesterov"]
[Black "klimkoj"]
[Result "1-0"]
[WhiteElo "2805"]
[BlackElo "2566"]
[TimeControl "180+1"]
[EndTime "10:31:19 PST"]
[Termination "Arseniy_Nesterov won by resignation"]

1. d4 Nf6 2. c4 e6 3. Nf3 Bb4+ 4. Bd2 Qe7 5. g3 Bxd2+ 6. Nbxd2 d6 7. Bg2 e5 8. O-O O-O 9. Nb1 Nc6 10. Nc3 Bg4 11. d5 Bxf3 12. Bxf3 Nb8 13. e4 c5 14. a3 Nbd7 15.
b4 cxb4 16. axb4 Rfc8 17. Be2 Nb6 18. Qb3 a6 19. Rfc1 Nfd7 20. Nd1 Nf6 21. Bd3 Rc7 22. Ne3 g6 23. c5 Nbd7 24. c6 bxc6 25. Rxc6 Rxc6 26.
dxc6 Nb6 27. Rxa6 Rxa6 28. Bxa6 Nxe4 29. Qc2 d5 30. c7 Qxb4 31. Nxd5 Qe1+ 32. Kg2 Nd2 33.
Nxb6 Ne4 34. c8=Q+ Kg7 35. Qe2 Qb4 36. Qcc4 Qxb6 37.
Qcxe4 f6 38. Qb7+ 1-0

[Event "*** Titled Tuesday Blitz"]
[Site "Chess.com"]
[Date "2021.02.02"]
[Round "3"]
[White "BilodeauA"]
[Black "Tartody"]
[Result "1-0"]
[WhiteElo "2875"]
[BlackElo "2636"]
[TimeControl "180+1"]
[EndTime "10:31:20 PST"]
[Termination "BilodeauA won on time"]

1. e4 c6 2. Nf3 g6 3. d3 d5 4. Nc3 Bg7 5. e5 f6 6. exf6 exf6 7. d4 Nh6 8. Bd3 O-O 9. O-O g5 10. Ne2 Bf5 11. Ng3 Bg6 12. Re1 Na6 13. c4 Nc7 14. h3 Qd7 15. Qb3 b6 16. Bd2 Rae8 17. a4 Rxe1+ 18. Rxe1 Re8 19. Rxe8+ Qxe8 20. a5 b5 21.
cxb5 cxb5 22. Qc2 Bxd3 23. Qxd3 Bf8 24. h4 g4 25. Nh2 Qe6 26. Nhf1 a6 27. Bf4 Ne8 28. Ne3 Nd6 29. b3 Nhf7 30. Qe2 Bh6 31. Nxg4 Qxe2 32. Nxh6+ Nxh6 33. Nxe2 Nhf7 34. Nc3 Nf5 35.
Nxb5 Nd8 36. Nc7 Nxd4 37. b4 Ne2+ 38. Kf1 Nxf4 39. Nxa6 Nb7 40. Nc7 Nd6 41. a6 Nc8 42. b5 Nd3 43. Nxd5 Nc5 44. Ne7+ 1-0

[Event "*** Titled Tuesday Blitz"]
[Site "Chess.com"]
[Date "2021.02.02"]
[Round "3"]
[White "Djager97"]
[Black "benko_008"]
[Result "1-0"]
[WhiteElo "2575"]
[BlackElo "2381"]
[TimeControl "180+1"]
[EndTime "10:31:20 PST"]
[Termination "Djager97 won on time"]

1. e4 c5 2. Nf3 e6 3. d4 cxd4 4. Nxd4 a6 5. Nc3 b5 6. Bd3 Bb7 7. O-O d6 8. Kh1 Nf6 9. a3 Nbd7 10. f4 Rc8 11. Qf3 Be7 12. Bd2 O-O 13. Rae1 Nc5 14. b4 Nxd3 15. cxd3 Nd7 16. f5 e5 17. f6 Bxf6 18.
Nf5 Nb6 19. Qg4 Kh8 20. Rf3 Qd7 21. Rh3 g6 22. Be3 Rxc3 23. Bxb6 d5 24. Rxh7+ Kxh7 25. Qh3+ Kg8 26. Nh6+ Kg7 27. Qxd7 Bc8 28. Qd6 Rxd3 29.
exd5 e4 30. Rf1 Bc3 31. h3 Bxh3 32. Nxf7 Bf5 33. Ne5 Rh8+ 34. Kg1 Rd2 35. Qe7+ Kh6 36.
Be3+ 1-0

[Event "*** Titled Tuesday Blitz"]
[Site "Chess.com"]
[Date "2021.02.02"]
[Round "3"]
[White "Cambek64"]
[Black "MFBerna"]
[Result "0-1"]
[WhiteElo "2279"]
[BlackElo "2508"]
[TimeControl "180+1"]
[EndTime "10:31:20 PST"]
[Termination "MFBerna won by resignation"]

1. b3 d5 2. Bb2 Nf6 3. e3 c5 4. f4 Nc6 5. Nf3 g6 6. Bb5 Bd7 7. Bxc6 Bxc6 8. O-O Bg7 9. Ne5 Rc8 10. d3 O-O 11. Nd2 Ne8 12. Nxc6 Rxc6 13. Bxg7 Kxg7 14. Qc1 Nf6 15. Nf3 c4 16. bxc4 dxc4 17. Ne5 Rc8 18.
Nxc4 b5 19. Ne5 Qb6 20. Qd2 Nd5 21. Rf3 Rfd8 22. f5 Qc7 23. Nxf7 Kxf7 24. fxg6+ Kxg6 25. Raf1 Nf6 26. Qf2 Kg7 27. Rxf6 exf6 28. Qxf6+ Kg8 29.
Qe6+ Kh8 30. Rf7 Qc3 31. h3 Rf8 32. Rxa7 Rg8 33. Qd7 Qe1+ 34. Kh2 Qg3+ 0-1

[Event "*** Titled Tuesday Blitz"]
[Site "Chess.com"]
[Date "2021.02.02"]
[Round "3"]
[White "MVM2008"]
[Black "karinachess1"]
[Result "0-1"]
[WhiteElo "2120"]
[BlackElo "2479"]
[TimeControl "180+1"]
[EndTime "10:31:20 PST"]
[Termination "karinachess1 won by checkmate"]

1. e4 c5 2. Nf3 e6 3. d4 cxd4 4. Nxd4 a6 5. Nc3 Qc7 6. a3 Nf6 7. f4 d6 8. Be3 Be7 9. g4 b5 10. g5 Nfd7 11. Qf3 Bb7 12. O-O-O Nc6 13. Nf5 exf5 14.
Nd5 Qd8 15. exf5 b4 16. Bc4 bxa3 17. g6 axb2+ 18. Kxb2 Na5 19. gxf7+ Kf8 20. Ba2 Bf6+ 21. Nxf6 Bxf3 22. Ne8 Rb8+ 23. Ka1 Bxd1 24. Bd4 Nf6 25. Bxf6 gxf6 26. Rg1 Ke7 27. Rg8 Rxg8 28. fxg8=Q Qxe8 29. Qe6+ Kd8 30. Qxd6+ Kc8 31. Be6+ Kb7 32. Bd5+ Nc6 33. Qb4+ Ka7 34. Qc5+ Rb6 35. Qd6 Qb8 36. Qd7+ Qb7 37.
Qe6 Rb1+ 38. Ka2 Qb2# 0-1

[Event "*** Titled Tuesday Blitz"]
[Site "Chess.com"]
[Date "2021.02.02"]
[Round "3"]
[White "Etud-otradnoe"]
[Black "DenishevM"]
[Result "0-1"]
[WhiteElo "2372"]
[BlackElo "2558"]
[TimeControl "180+1"]
[EndTime "10:31:21 PST"]
[Termination "DenishevM won on time"]

1. e4 Nf6 2. e5 Nd5 3. d4 d6 4. Bc4 Nb6 5. Bb3 dxe5 6. Qh5 e6 7. dxe5 Nc6 8. Nf3 Nd4 9. Nxd4 Qxd4 10. O-O Be7 11. Rd1 Qh4 12. Qxh4 Bxh4 13. Nc3 Bd7 14. a4 a5 15. Be3 Bc6 16. Nb5 Bxb5 17. axb5 Be7 18.
c4 Nd7 19. Bc2 b6 20. Be4 O-O-O 21. f4 Bc5 22. Kf2 Bxe3+ 23. Kxe3 Nc5 24. Bc6 f6 25. b4 Nb3 26. Rxd8+ Rxd8 27. Ra3 Nd2 28. Rc3 axb4 29. Rc2 Nb3 30. Ra2 Na5 31. c5 b3 32. Rb2 Rd1 33. f5 fxe5 34. fxe6 Kd8 0-1

[Event "*** Titled Tuesday Blitz"]
[Site "Chess.com"]
[Date "2021.02.02"]
[Round "3"]
[White "gross-aleks"]
[Black "Saxar85"]
[Result "0-1"]
[WhiteElo "2561"]
[BlackElo "2801"]
[TimeControl "180+1"]
[EndTime "10:31:22 PST"]
[Termination "Saxar85 won by resignation"]

1. Nf3 d5 2. d4 Nf6 3. c4 e6 4.
Nc3 Nbd7 5. Bg5 h6 6. Bh4 dxc4 7.
e3 a6 8. Bxc4 b5 9. Bd3 Bb7 10.
a4 b4 11. Ne4 c5 12. Bxf6 gxf6 13. dxc5 Nxc5 14. Nxc5 Bxc5 15. Qc2 Rc8 16. Qe2 Qa5 17. b3 Rg8 18. O-O Ke7 19. Rfd1 Bd6 20. e4 Qh5 21. Rac1 Rxc1 22. Rxc1 a5 23. g3 Rc8 24. Rxc8 Bxc8 25. Nd4 Qxe2 26. Bxe2 Bb7 27. Bd3 Bc5 28. Ne2 f5 29.
exf5 Bd5 30. Bc2 exf5 31. Nf4 Be6 32. Kf1 Kf6 33. Ke2 Bd4 34. f3 Bc8 35. Nh5+ Ke5 36. Nf4 Bg1 37. Nd3+ Kd4 38. h3 Ba6 39. Kd2 Be3+ 40.
Ke2 f4 41. gxf4 Bxf4 42. Bb1 Kc3 0-1

[Event "*** Titled Tuesday Blitz"]
[Site "Chess.com"]
[Date "2021.02.02"]
[Round "3"]
[White "hypert"]
[Black "Berardino"]
[Result "0-1"]
[WhiteElo "2376"]
[BlackElo "2561"]
[TimeControl "180+1"]
[EndTime "10:31:22 PST"]
[Termination "Berardino won by resignation"]

1. Nf3 d5 2. Nc3 d4 3. Nb1 c5 4. e3 Nf6 5. exd4 cxd4 6. Bb5+ Nc6 7. O-O Bg4 8. h3 Bxf3 9. Qxf3 Rc8 10. c3 e6 11. Na3 Bxa3 12. bxa3 O-O 13. Rb1 Qd6 14. a4 Rfd8 15. Bxc6 bxc6 16. c4 e5 17. d3 h6 18. Rb7 Rd7 19. Rxd7 Nxd7 20. Qg4 Rb8 21. f4 Rb1 22. fxe5 Nxe5 23. Qc8+ Kh7 24. Qf5+ g6 25. Qf4 c5 26. Qxh6+ Kg8 27. Qf4 Qe6 28. Qe4 f5 29.
Qa8+ Kh7 30. Qxa7+ Nf7 31. Qxc5 Rxc1 32. Qxd4 Rc2 33.
Kh2 Qe2 34. Rg1 Rxa2 35. c5 Qe5+ 36. Qxe5 Nxe5 37. d4 Nf3+ 38. Kh1 Nxg1 39. Kxg1 Rxa4 40. d5 Ra5 41. d6 Rxc5 42. d7 Rd5 43. g4 Rxd7 0-1

[Event "*** Titled Tuesday Blitz"]
[Site "Chess.com"]
[Date "2021.02.02"]
[Round "3"]
[White "picturesquecheck"]
[Black "Mimsychess"]
[Result "1/2-1/2"]
[WhiteElo "2199"]
[BlackElo "2360"]
[TimeControl "180+1"]
[EndTime "10:31:22 PST"]
[Termination "Game drawn by repetition"]

1. e4 e6 2. d4 d5 3. Nd2 a6 4. Ngf3 c5 5. exd5 exd5 6. dxc5 Bxc5 7. Bd3 Nf6 8. O-O O-O 9. Nb3 Be7 10. Re1 Nc6 11. Bg5 Bg4 12. c3 Re8 13. h3 Bh5 14. Be2 Ne4 15. Bxe7 Rxe7 16. Nfd4 Bg6 17. Bf3 Ne5 18.
Be2 Qb6 19. a4 Rae8 20. a5 Qf6 21. Bf3 Nc4 22. Qc1 h6 23. Ra4 Qh4 24. Bxe4 Rxe4 25. Rxe4 Qxe4 26. Nf3 Qe2 27. Nbd4 Qxb2 28. Qxb2 Nxb2 29.
Rb4 Nc4 30. Rxb7 Nxa5 31. Rb6 Rc8 32. Rxa6 Nc4 33. Kh2 Nb2 34. Nb5 Be4 35. Ne5 Rc5 36.
Nd6 f6 37. Nd7 Rxc3 38. Ra8+ Kh7 39. Nf8+ Kg8 40. Ne6+ Kh7 41. Nf8+ Kg8 42. Ne6+ Kh7 43. Nf8+ 1/2-1/2

[Event "*** Titled Tuesday Blitz"]
[Site "Chess.com"]
[Date "2021.02.02"]
[Round "3"]
[White "Pliukha_Mikhail"]
[Black "annacramling"]
[Result "1-0"]
[WhiteElo "2477"]
[BlackElo "2095"]
[TimeControl "180+1"]
[EndTime "10:31:23 PST"]
[Termination "Pliukha_Mikhail won by checkmate"]

1. e4 c5 2. d4 cxd4 3. Qxd4 Nc6 4. Qd3 d6 5. Nc3 Nf6 6. Nf3 g6 7. Be2 Bg7 8. O-O O-O 9. Nd5 Nxd5 10. exd5 Ne5 11. Nxe5 Bxe5 12. Bh6 Re8 13. c3 Bf5 14.
Qe3 Qa5 15. Rfd1 Qa4 16. b3 Qh4 17. g3 Qe4 18. Rac1 Rac8 19. Bb5 Red8 20. Qxe4 Bxe4 21. Bc4 Bf3 22. Re1 Rc7 23. a4 a6 24. Be3 Rdc8 25.
Bb6 Rxc4 26. bxc4 Rxc4 27. Re3 Bxd5 28. a5 Bc6 29. Rce1 Bf6 30. Bd8 Kf8 31. Bxe7+ Bxe7 32. Rxe7 Rxc3 33. Rc7 Rc2 34. h3 Rc5 35. Ra1 Rf5 36.
f4 Ke8 37. Re1+ Kf8 38. Ree7 Rxa5 39. Rxf7+ Ke8 40. Rxh7 Ra1+ 41. Kf2 Ra2+ 42. Ke3 Ra3+ 43. Kd4 Ra4+ 44. Kc3 Ra3+ 45. Kb2 Re3 46. Rc8# 1-0

[Event "*** Titled Tuesday Blitz"]
[Site "Chess.com"]
[Date "2021.02.02"]
[Round "3"]
[White "Sergienko_Sergey"]
[Black "TurboSteen"]
[Result "1-0"]
[WhiteElo "2392"]
[BlackElo "2045"]
[TimeControl "180+1"]
[EndTime "10:31:23 PST"]
[Termination "Sergienko_Sergey won by checkmate"]

1. e4 e6 2. d4 d5 3. Nc3 Bb4 4.
e5 c5 5. a3 Ba5 6. b4 cxd4 7. Qg4 Kf8 8. Nb5 Bb6 9. Nf3 Nc6 10.
Bd3 f6 11. O-O fxe5 12. Bg5 Nf6 13. Qh4 e4 14. Rfe1 exd3 15. cxd3 e5 16. Nxe5 Nxe5 17. Rxe5 a6 18. Nxd4 h6 19. Bxf6 Qxf6 20. Qh5 Bg4 21. Qxg4 Qxe5 22. Ne6+ Ke7 23. d4 Qxe6 24. Qxg7+ Kd6 25.
Qg3+ Kd7 26. Qg7+ Qe7 27. Qg4+ Qe6 28. Qg7+ Kd6 29. Qg3+ Kc6 30. Rc1+ Kb5 31. Qd3+ Ka4 32. Qc2+ Kb5 33. Qd3+ Ka4 34. Qc2+ Kb5 35. a4+ Kxb4 36. Rb1+ Ka5 37. Qc3+ Kxa4 38. Qb4# 1-0

[Event "*** Titled Tuesday Blitz"]
[Site "Chess.com"]
[Date "2021.02.02"]
[Round "3"]
[White "Kretov_Evgenij"]
[Black "VladaSviridova"]
[Result "1-0"]
[WhiteElo "2547"]
[BlackElo "2267"]
[TimeControl "180+1"]
[EndTime "10:31:23 PST"]
[Termination "Kretov_Evgenij won by checkmate"]

1. d4 d5 2. c4 c6 3. Nc3 Nf6 4. e3 e6 5. Nf3 Nbd7 6. Bd3 dxc4 7. Bxc4 b5 8. Be2 Bd6 9. e4 e5 10. Bg5 O-O 11. O-O h6 12. Bh4 exd4 13. Nxd4 Ne5 14. f4 Bc5 15. Bf2 Neg4 16. Bxg4 Nxg4 17. Nce2 Qb6 18. b4 Bxb4 19. Nb3 Nxf2 20. Rxf2 a5 21. Qd4 Qxd4 22. Nexd4 Bb7 23. Rc2 Rac8 24. Nc5 Ba8 25. a3 Bxc5 26. Rxc5 Rfd8 27. Nf5 Kf8 28.
Ra2 Rd1+ 29. Kf2 Rd3 30. e5 Bb7 31. Nd6 Rc7 32. Nxb5 Rcd7 33. Nd6 Ba6 34. Rb2 g5 35.
Rb8+ Kg7 36. Rxc6 Rd2+ 37. Ke3 Rd3+ 38. Ke4 R3xd6 39. Rxd6 Bb7+ 40. Kd4 Rc7 41. fxg5 hxg5 42. g3 Bf3 43. h4 g4 44. e6 fxe6 45. Rxe6 Rd7+ 46.
Ke3 a4 47. Rb4 Bd1 48. Rd4 Rxd4 49. Kxd4 Bb3 50. Re4 Bd1 51. Ke5 Kh6 52. Kf6 Kh5 53. Kg7 Bf3 54. Re5# 1-0